 Dungeon Crawl Stone Soup version 0.19-a0-1899-g2d93087 (webtiles) character file.

2317 dobroeutro the Fighter (level 9, -14/75 HPs)
             Began as a Formicid Hunter on Oct 19, 2016.
             Was a Follower of Okawaru.
             Killed from afar by a gnoll (29 damage)
             ... with a wand of lightning
             ... on level 7 of the Dungeon.
             The game lasted 00:11:03 (6665 turns).

dobroeutro the Fighter (Formicid Hunter)            Turns: 6665, Time: 00:11:03

Health: -14/75     AC:  4    Str: 20    XL:     9   Next: 68%
Magic:  9/9        EV: 11    Int: 13    God:    Okawaru [*.....]
Gold:   77         SH: 10    Dex: 11    Spells: 0 memorised, 8 levels left

rFire  . . .     SeeInvis +     F - +7 mace "Niofibla" {freeze, rN+ Int+2}
rCold  . . .     Gourm    .     c - +0 leather armour
rNeg   + . .     Faith    .     p - +0 shield
rPois  .         Spirit   .     (helmet unavailable)
rElec  .         Reflect  .     G - +0 cloak
rCorr  .         Harm     .     (no gloves)
MR     +....                    (no boots)
Stlth  +.........               (no amulet)
                                (no ring)
                                v - ring of protection from magic

@: no status effects
A: permanent stasis, dig shafts and tunnels, four strong arms, antennae 3
a: Dig, Shaft Self, Heroism, Renounce Religion


You were on level 7 of the Dungeon.
You worshipped Okawaru.
Okawaru was aware of your devotion.
You were not hungry.

You visited 2 branches of the dungeon, and saw 8 of its levels.

You collected 314 gold pieces.
You spent 237 gold pieces at shops.

Inventory:

Hand Weapons
 a - a +2 hand crossbow
 b - a +0 short sword
 l - a +1 dagger of electrocution
 F - the +7 mace "Niofibla" (weapon) {freeze, rN+ Int+2}
   (You found it on level 6 of the Dungeon)

   It has been specially enchanted to freeze those struck by it, causing extra
   injury to most foes and up to half again as much damage against particularly
   susceptible opponents.
   It can also slow down cold-blooded creatures.
   It affects your intelligence (+2).
   It protects you from negative energy.
Missiles
 d - 68 bolts
Armour
 c - a +0 leather armour (worn)
 i - the -4 pair of gloves of Servitude {MR+ Str+9 Dex-4}
   (You bought it in a shop on level 6 of the Dungeon)

   It affects your strength (+9).
   It affects your dexterity (-4).
   It affects your resistance to hostile enchantments.
 p - a +0 shield (worn)
 G - a +0 cloak (worn)
Jewellery
 v - a ring of protection from magic (left hand)
Wands
 s - a wand of slowing (48/48)
Scrolls
 e - 3 scrolls of remove curse
 g - a scroll of noise
 k - a scroll of random uselessness
 r - a scroll of enchant weapon
 t - a scroll of teleportation
 u - 2 scrolls of identify
 B - a scroll of immolation {unknown}
 C - a scroll of enchant armour {unknown}
 I - a scroll of fear
Potions
 h - 3 potions of curing
 j - a potion of ambrosia
 m - 2 potions of heal wounds {unknown}
 o - a potion of invisibility {unknown}
 q - 2 potions of agility {unknown}
 A - a potion of berserk rage {unknown}
 D - a potion of cure mutation {unknown}
 E - a potion of lignification {unknown}
Books
 x - a book of Misfortune

   Spells                             Type                      Level
   a - Confusing Touch                Hexes                        1
   b - Confuse                        Hexes                        3
   c - Gell's Gravitas                Hexes/Translocation          3
   d - Petrify                        Transmutation/Earth          4
   e - Metabolic Englaciation         Hexes/Ice                    5
   f - Yara's Violent Unravelling     Hexes/Transmutation          5
 y - a book of Minor Magic

   Spells                             Type                      Level
   a - Magic Dart                     Conjuration                  1
   b - Blink                          Translocation                2
   c - Call Imp                       Summoning                    2
   d - Repel Missiles                 Charms/Air                   2
   e - Slow                           Hexes                        2
   f - Conjure Flame                  Conjuration/Fire             3
   g - Mephitic Cloud                 Conjuration/Poison/Air       3
Comestibles
 f - 5 bread rations
 n - 5 meat rations
 w - 2 beef jerkies
 z - a fruit
 H - 8 chunks of flesh


   Skills:
 + Level 8.3 Fighting
 * Level 2.2 Maces & Flails
 + Level 8.2 Crossbows
 - Level 1.7 Dodging
 - Level 1.2 Stealth
 - Level 7.3 Shields


You had 8 spell levels left.
You didn't know any spells.

Dungeon Overview and Level Annotations

Branches:
Dungeon (7/15)             Temple (1/1) D:6

Altars:
Ashenzari
Cheibriados
Dithmenos
Elyvilon
Fedhas
Gozag
Hepliaklqana
Kikubaaqudgha
Makhleb
Nemelex Xobeh
Okawaru
Qazlal
Ru
Sif Muna
Trog
Uskayaw
Vehumet
Xom
Yredelemnul
Zin
The Shining One

Shops:
D:6 [


Innate Abilities, Weirdness & Mutations

You are under a permanent stasis effect.
You can dig through walls and to a lower floor.
Your four strong arms can wield two-handed weapons with a shield.
You have a pair of large antennae on your head. (SInv)


Message History

You kill the hobgoblin!
You closely miss the gnoll. The gnoll hits you but does no damage.
You barely miss the gnoll.
The gnoll zaps a wand.
The bolt of lightning misses you. x2; It is a wand of lightning.
The gnoll zaps a wand.
The bolt of lightning misses you. The bolt of lightning hits you!
You sock the gnoll! You freeze the gnoll.
The gnoll is severely wounded.
The gnoll zaps a wand.
The bolt of lightning hits you!
* * * LOW HITPOINT WARNING * * *
The bolt of lightning misses you.
You are too injured to fight recklessly!
You are too injured to fight recklessly!
You are too injured to fight recklessly!
You are too injured to fight recklessly!
You are too injured to fight recklessly!
You barely miss the gnoll.
The gnoll is severely wounded.
The gnoll zaps a wand.
The bolt of lightning hits you!
You die...

{ { { #++######
#..#....#
#[.#....#
#..#....#♣PP...
#..'....#.....#
#..@g..$#.....##
#.(#....#PPPP..#
#.(#....#♣P♣...#
#..#....#♣♣PP.#
#..#....#♣P♣..#
#..#....#♣PP..##
#..######......###
#..#....'........#
#..#..>.'........#


You could see a gnoll.

Vanquished Creatures
  Prince Ribbit (D:6)
  Sigmund (D:5)
  A sky beast (D:6)
  3 ogres
  2 centaurs
  3 bullfrogs (D:6)
  2 howler monkeys
  A bullfrog zombie (D:5)
  A crimson imp (D:6)
  Crazy Yiuf (D:6)
  4 hounds
  4 orc wizards
  An orc priest (D:5)
  A bullfrog skeleton (D:5)
  A centaur skeleton (D:4)
  2 gnoll shamans (D:7)
  2 iguanas
  8 worker ants
  2 hound zombies
  A worker ant zombie (D:6)
  14 gnolls
  9 adders
  A howler monkey skeleton (D:6)
  3 river rats (D:6)
  2 shadow imps
  An ooze (D:3)
  A worm (D:4)
  2 dart slugs
  4 leopard geckos
  20 orcs
  5 ball pythons
  7 bats
  9 giant cockroaches
  6 goblins
  12 hobgoblins
  10 jackals
  5 quokkas
  3 frilled lizards
  7 kobolds
  9 rats
172 creatures vanquished.

Notes
Turn   | Place    | Note
-------+----------+-------------------------------------------
     0 | D:1      | dobroeutro the Formicid Hunter began the quest for the Orb.
     0 | D:1      | Reached XP level 1. HP: 16/16 MP: 1/1
   159 | D:1      | Reached XP level 2. HP: 23/23 MP: 2/2
   676 | D:1      | Reached XP level 3. HP: 12/28 MP: 3/3
  1338 | D:2      | Reached XP level 4. HP: 28/35 MP: 4/4
  1573 | D:2      | Reached XP level 5. HP: 37/42 MP: 5/5
  1654 | D:2      | Reached skill level 5 in Crossbows
  2745 | D:3      | Reached skill level 1 in Shields
  3052 | D:4      | Reached XP level 6. HP: 34/50 MP: 6/6
  3253 | D:4      | Found a bloodstained altar of Trog.
  3272 | D:4      | Reached skill level 5 in Fighting
  3495 | D:4      | Reached XP level 7. HP: 24/56 MP: 7/7
  4122 | D:5      | Entered Level 5 of the Dungeon
  4617 | D:5      | Reached XP level 8. HP: 29/64 MP: 8/8
  4620 | D:5      | Found a deep blue altar of Sif Muna.
  4738 | D:5      | Found an opulent altar of Gozag.
  4738 | D:5      | Found a basalt altar of Yredelemnul.
  4922 | D:5      | Noticed Sigmund
  4928 | D:5      | Killed Sigmund
  4928 | D:5      | Reached skill level 5 in Shields
  5221 | D:6      | Found a staircase to the Ecumenical Temple.
  5229 | Temple   | Entered the Ecumenical Temple
  5315 | Temple   | Became a worshipper of Warmaster Okawaru
  5451 | D:6      | Found Cufromp's Antique Armour Emporium.
  5454 | D:6      | Bought a pair of crude gloves for 237 gold pieces
  5464 | D:6      | Identified the cursed -4 pair of gloves of Servitude {MR+ Str+9 Dex-4} (You bought it in a shop on level 6 of the Dungeon)
  5578 | D:6      | Found a runed door.
  5605 | D:6      | Noticed Prince Ribbit
  5717 | D:6      | Reached XP level 9. HP: 72/72 MP: 9/9
  5786 | D:6      | Killed Prince Ribbit
  6321 | D:6      | Noticed Crazy Yiuf
  6324 | D:6      | Killed Crazy Yiuf
  6334 | D:6      | Got a fine mace
  6335 | D:6      | Identified the +7 mace "Niofibla" {freeze, rN+ Int+2} (You found it on level 6 of the Dungeon)
  6500 | D:7      | Reached skill level 1 in Maces & Flails
  6610 | D:7      | Reached * piety under Okawaru
  6665 | D:7      | Killed from afar by a gnoll

Vault maps used:
D:1:      dpeg_arrival_stone_temple_mockup
D:3:      first_bread
D:4:      trog_three_pillars_becter
D:5:      nicolae_overflow_crystal_walls, gammafunk_temple_overflow_statue,
          uniq_sigmund
D:6:      serial_shops, kennysheep_mini_moat, portal_sewer_entry_b,
          uniq_prince_ribbit1, uniq_crazy_yiuf_cottage
D:7:      kennysheep_housing_project, basic_altar, serial_glass,
          glass_columns_c, glass_columns_a, due_unseen_surprise,
          minmay_strange_pillars, item_on_display_a, serial_shops,
          shop_fountains, the_bakery, nicolae_ru_sacrificial_ziggurat
Temple:   minmay_crystal_spiral_temple

Skill      XL: |  1  2  3  4  5  6  7  8  9 |
---------------+----------------------------+-----
Fighting       | 3 4 5 6 7 8 |  8.3
Crossbows      | 5 6 7 8 |  8.2
Shields        | 1 2 4 6 7 |  7.3
Maces & Flails | 2 |  2.2
Dodging        | |  1.7
Stealth        | |  1.2

Action                   |  1- 3 |  4- 6 |  7- 9 || total
-------------------------+-------+-------+-------++-------
Melee: Short sword       |    59 |       |       ||    59
       Dagger            |    48 |   172 |   159 ||   379
       Mace              |       |       |    44 ||    44
 Fire: Hand crossbow     |     1 |    33 |   128 ||   162
 Abil: Dig               |     1 |     2 |       ||     3
  Use: Scroll            |       |     1 |     9 ||    10
       Potion            |       |     1 |       ||     1
 Stab: Sleeping          |     2 |     2 |     3 ||     7
  Eat: Chunk             |     1 |     8 |    10 ||    19
Armor: Leather armour    |    34 |    43 |    28 ||   105
Dodge: Dodged            |    95 |   110 |   106 ||   311
Block: Shield            |       |    43 |   106 ||   149
